 Dungeon Crawl Stone Soup version 0.26-a0-937-g67df3f2acb (webtiles) character file.

Game seed: 10685269841450936127

53 Descartes the Chiller (level 3, -1/19 HPs)
             Began as a Deep Elf Ice Elementalist on Nov 27, 2020.
             Slain by an adder (2 damage)
             ... on level 2 of the Dungeon.
             The game lasted 00:04:20 (1466 turns).

Descartes the Chiller (Deep Elf Ice Elementalist)   Turns: 1466, Time: 00:04:21

Health: -1/19      AC:  3    Str:  5    XL:     3   Next: 62%
Magic:  10/10      EV: 13    Int: 20    God:
Gold:   23         SH:  0    Dex: 15    Spells: 9/10 levels left

rFire    . . .     SeeInvis .   g - +3 short sword
rCold    . . .     Faith    .   (no shield)
rNeg     . . .     Spirit   .   a - +0 robe
rPois    .         Reflect  .   (no helmet)
rElec    .         Harm     .   (no cloak)
rCorr    .         Rampage  .   k - +0 pair of gloves (curse)
MR       .....                  (no boots)
Stlth    ++........             (no amulet)
HPRegen  0.06/turn              (no ring)
MPRegen  0.12/turn              (no ring)

@: lethally poisoned (-1 -> -4)
A: no striking features
a: no special abilities


You were on level 2 of the Dungeon.
You visited 1 branch of the dungeon, and saw 2 of its levels.

You collected 23 gold pieces.

Inventory:

Hand Weapons
 f - a +0 dagger
 g - a +3 short sword (weapon)
Missiles
 c - 34 stones
 i - 6 boomerangs
Armour
 a - a +0 robe (worn)
 k - a cursed +0 pair of gloves (worn)
Scrolls
 b - a scroll of fear {unknown}
 d - 4 scrolls of identify {unknown}
 h - a scroll of blinking {unknown}
 j - a scroll of amnesia {unknown}
 m - a scroll of enchant weapon {unknown}
Potions
 e - 2 potions of curing {unknown}
 l - 2 potions of brilliance {unknown}


   Skills:
 - Level 2.4 Dodging
 - Level 2.4 Stealth
 + Level 4.4 Spellcasting
 + Level 5.2 Ice Magic


You had 9 spell levels left.
You knew the following spells:

 Your Spells              Type           Power        Failure   Level
a - Freeze                Ice            ####         1%          1

Your spell library contained the following spells:

 Spells                   Type           Power        Failure   Level
 Frozen Ramparts          Ice            ####..       4%          3
 Ozocubu's Armour         Ice            ####....     4%          3
 Hailstorm                Conj/Ice       ##......     38%         4
 Summon Ice Beast         Ice/Summ       ##......     38%         4


Dungeon Overview and Level Annotations

Branches:
Dungeon (2/15)

Altars:


Message History

The adder enters a dispersal trap!
The jackal blinks! x5; You blink.
The adder blinks!
The jackal enters a dispersal trap!
The jackal blinks! x3; The adder blinks!
The jackal blinks! x2; The adder blinks!
The jackal blinks! x3
The hobgoblin blinks!
You blink.
The jackal blinks!
Found a war axe.
Found a stone staircase leading down.
The hobgoblin hits you with a +0 club. The adder bites you.
You are poisoned.
The adder poisons you! The hobgoblin closely misses you. The adder bites you.
You feel sick.
You feel sick. The hobgoblin hits you with a +0 club.
* * * LOW HITPOINT WARNING * * *
Found an escape hatch in the ceiling.
The adder bites you.
* * * LOW HITPOINT WARNING * * *
* * * LOW HITPOINT WARNING * * *
You feel sick. The hobgoblin barely misses you. The adder bites you.
You die...

### . ..# .######### #
#.# .......@.# ###.#
########S####### .##.#
#hg......# ....#######
#.h...##<#
...(......######h###.#
......$..$.......># .#
..................# #
.......†?......)..+
.######^..........#


You could see an adder, a jackal and a hobgoblin.

Vanquished Creatures
  An adder (D:2)
  2 dart slugs
  A ball python (D:1)
  4 bats (D:1)
  A giant cockroach (D:1)
  7 goblins (D:1)
  3 hobgoblins (D:1)
  5 jackals
  3 frilled lizards
  5 kobolds
  3 rats
35 creatures vanquished.

Notes
Turn   | Place    | Note
-------+----------+-------------------------------------------
     0 | D:1      | Descartes the Deep Elf Ice Elementalist began the quest for
                  | the Orb.
     0 | D:1      | Reached XP level 1. HP: 10/10 MP: 6/6
   100 | D:1      | Reached XP level 2. HP: 13/15 MP: 0/8
   720 | D:1      | Reached skill level 5 in Ice Magic
   720 | D:1      | Reached XP level 3. HP: 17/19 MP: 6/10
  1466 | D:2      | Slain by an adder

Illustrated notes

Levels and vault maps discovered:
D:1:      dpeg_arrival_three_same_balls, layout_basic, minmay_small_reverse_x
D:2:      layout_basic, minmay_cupped

Skill      XL: |  1  2 |
---------------+-------+-----
Spellcasting   | 4 |  4.4
Ice Magic      | 5 |  5.2
Dodging        | |  2.4
Stealth        | |  2.4

Action                   || total
-------------------------++-------
Melee: Unarmed           ||     6
       Short sword       ||    10
       Dagger            ||     1
 Cast: Freeze            ||    45
 Stab: Sleeping          ||     4
Armor: Robe              ||    10
Dodge: Dodged            ||    34

Table legend: (Time is in decaauts)
 A = Elapsed time spent in this place.
 B = Non-inter-level travel time spent in this place.
 C = Inter-level travel time spent in this place.
 D = Time resting spent in this place.
 E = Time spent auto-exploring this place.
 F = Levels seen in this place.
 G = Mean time per level.
                   A        B        C        D        E       F      G
               +--------+--------+--------+--------+--------+-----+--------+
         Total |   1465 |   1403 |     62 |      0 |   1172 |   2 |  732.5 |
       Dungeon |   1465 |   1403 |     62 |      0 |   1172 |   2 |  732.5 |
               +--------+--------+--------+--------+--------+-----+--------+

Top non-repeatable levels by time:
     D:1: 1179 daAuts
     D:2: 286 daAuts
